[Event "*** Titled Tuesday Blitz"]
[Site "Chess.com"]
[Date "2021.04.06"]
[Round "3"]
[White "TimofeevAr"]
[Black "lagedema"]
[Result "1-0"]
[WhiteElo "2864"]
[BlackElo "2610"]
[TimeControl "180+1"]
[EndTime "10:28:52 PDT"]
[Termination "TimofeevAr won on time"]

1. c4 c6 2. Nf3 d5 3. e3 Nf6 4.
Nc3 g6 5. d4 Bg7 6. Be2 O-O 7.
O-O Nbd7 8. b3 e6 9. Ba3 Re8 10. Rc1 a6 11. Bd6 b5 12. cxd5 cxd5 13. a4 bxa4 14.
Nxa4 Ne4 15. Bc7 Qe7 16. Ne5 Bb7 17. Nxd7 Qxd7 18. Nb6 Qe7 19. Nxa8 Rxa8 20. Bd3 h5 21. Be5 f6 22. Bg3 Nxg3 23. hxg3 f5 24. Qf3 e5 25.
dxe5 Bxe5 26. Rfe1 a5 27. Qe2 a4 28. bxa4 Rxa4 29. Bc2 Ra2 30. Qd3 Kg7 31. Bb3 Ra3 32.
Qb5 h4 33. f4 Bd6 34. gxh4 Bb4 35. Bxd5 Bxd5 36. Qxd5 Bxe1 37. Rxe1 Qxh4 38. Qd4+ Kh7 39.
Rc1 Qe7 40. Re1 Ra6 41. Kf2 Kg8 42. Rh1 Rf6 43. Kg3 Kg7 44. Ra1 1-0

[Event "*** Titled Tuesday Blitz"]
[Site "Chess.com"]
[Date "2021.04.06"]
[Round "3"]
[White "The_filthy"]
[Black "EugeneRougon"]
[Result "1-0"]
[WhiteElo "2368"]
[BlackElo "2720"]
[TimeControl "180+1"]
[EndTime "10:28:52 PDT"]
[Termination "The_filthy won on time"]

1. e4 e6 2. d4 d5 3. Nc3 Bb4 4. e5 c5 5. Bd2 Ne7 6. Nf3 cxd4 7.
Nb5 Bxd2+ 8. Qxd2 O-O 9. Nbxd4 Nbc6 10. Bd3 Qc7 11. Nb5 Qb6 12. O-O-O Bd7 13. Nbd4 Rfc8 14.
h4 Na5 15. Qg5 Nf5 16. Nxf5 exf5 17. Bxf5 Nc4 18. b3 Na3 19. Rd2 h6 20. Qf4 Bxf5 21. Qxf5 Rc3 22. Nd4 Rac8 23. Re1 Nb5 24. Nxb5 Qxb5 25.
e6 fxe6 26. Rxe6 Qc5 27. Ree2 Qa3+ 28. Kb1 d4 29. Qd5+ Kh8 30. Qxd4 b5 31. Re6 Qa5 32. Rxh6+ Kg8 33. Qd5+ Kf8 34. Rh8+ Ke7 35. Qd7+ Kf6 36. Rd6+ Ke5 37. Qe6+ 1-0

[Event "*** Titled Tuesday Blitz"]
[Site "Chess.com"]
[Date "2021.04.06"]
[Round "3"]
[White "sergivila"]
[Black "MarcoCorvi"]
[Result "1-0"]
[WhiteElo "2329"]
[BlackElo "2101"]
[TimeControl "180+1"]
[EndTime "10:28:52 PDT"]
[Termination "sergivila won on time"]

1. e4 Nf6 2. e5 Nd5 3. d4 d6 4. Nf3 dxe5 5. Nxe5 c6 6. Be2 Bf5 7. O-O Nd7 8. Nf3 e6 9. c4 N5f6 10. Nc3 Bd6 11. Nh4 Bg6 12. Re1 O-O 13. Nxg6 hxg6 14.
Bf3 Qa5 15. Bd2 Qc7 16. g3 a6 17. Bg5 c5 18. d5 exd5 19. cxd5 b5 20. Rc1 Rfe8 21. a4 Rxe1+ 22. Qxe1 Re8 23. Qf1 b4 24. Nd1 Qa5 25. b3 c4 26. Qxc4 Ne5 27. Qe2 Nxf3+ 28. Qxf3 Re1+ 29. Kg2 Qxd5 30. Bxf6 Qxf3+ 31. Kxf3 gxf6 32. Rc8+ Kg7 33. Ne3 Rb1 34. Rc6 Be5 35. Rxa6 Rxb3 36. Rb6 Bc3 37. a5 Ra3 38. a6 b3 39. Ke2 b2 40. Nc4 Ra2 41. Kd3 Be5 42. f4 Bc7 43. Rxb2 Rxa6 44. Rb7 Rc6 45. Kd4 f5 46. Kd5 Re6 47. Rxc7 Re2 48. Ne5 Rxh2 49. Rxf7+ Kh6 50. Rf6 Kh5 51. Rxg6 Rd2+ 52. Ke6 Re2 53. Kxf5 Rxe5+ 54. Kxe5 Kxg6 55. Ke6 1-0

[Event "*** Titled Tuesday Blitz"]
[Site "Chess.com"]
[Date "2021.04.06"]
[Round "3"]
[White "Malev212"]
[Black "nrvisakh"]
[Result "1/2-1/2"]
[WhiteElo "2567"]
[BlackElo "2776"]
[TimeControl "180+1"]
[EndTime "10:28:53 PDT"]
[Termination "Game drawn by agreement"]

1. e4 c5 2. Nf3 Nc6 3. d4 cxd4 4. Nxd4 g6 5. c4 Bg7 6. Be3 Nf6 7. Nc3 O-O 8. Be2 d6 9. O-O Nxd4 10. Bxd4 Qa5 11. Rc1 Be6 12. f3 Rfc8 13. b3 Nd7 14. Bxg7 Kxg7 15. f4 f6 16. Qd2 Bf7 17. Kh1 a6 18.
Bg4 Rc7 19. Qe2 b5 20. Bxd7 Rxd7 21. e5 dxe5 22. fxe5 Rad8 23. exf6+ exf6 24. Ne4 bxc4 25. Nxf6 Rd2 26. Qe7 Qg5 27. Ne8+ Kh6 28. Qxg5+ Kxg5 29. Rxf7 Rd1+ 30. Rf1 Rxf1+ 31. Rxf1 Rxe8 32. bxc4 Re2 33. Rc1 Rxa2 34. c5 Rb2 35. c6 Rb8 36. Kg1 Rc8 37. c7 Kf6 38. Rc6+ Ke5 39. Rxa6 Rxc7 40. h3 1/2-1/2

[Event "*** Titled Tuesday Blitz"]
[Site "Chess.com"]
[Date "2021.04.06"]
[Round "3"]
[White "alexrustemov"]
[Black "Rondo_Capriccioso"]
[Result "1-0"]
[WhiteElo "2664"]
[BlackElo "2479"]
[TimeControl "180+1"]
[EndTime "10:28:53 PDT"]
[Termination "alexrustemov won by resignation"]

1. d4 Nf6 2. c4 g6 3. Nf3 Bg7 4. g3 d6 5. Bg2 O-O 6. Nc3 Nbd7 7.
O-O e5 8. e4 c6 9. h3 Qb6 10.
Re1 Re8 11. d5 cxd5 12. cxd5 Nc5 13. Qe2 Bd7 14. Be3 Rac8 15. Rab1 Qb4 16. Nd2 Na4 17. Nxa4 Qxa4 18. a3 Rc2 19. Qd3 Bb5 20. Qb3 Rec8 21. Qxa4 Bxa4 22. Bf1 b6 23. Bd3 R2c7 24. b3 Bd7 25.
Ba6 Rd8 26. g4 Bc8 27. Be2 Bb7 28. Rec1 Rdc8 29. Rxc7 Rxc7 30. f3 Bf8 31. Kf2 Nd7 32.
Nc4 Nc5 33. a4 f6 34. Ke1 f5 35. Nd2 fxe4 36. fxe4 Be7 37. g5 h5 38. gxh6 Bh4+ 39. Kf1 Bc8 40. Kg2 Rf7 41. Rc1 Bd7 42. Bg4 Be8 43. b4 Nxa4 44. Be6 g5 45. Rc8 Kf8 46. Bxf7 Kxf7 47. h7 1-0

[Event "*** Titled Tuesday Blitz"]
[Site "Chess.com"]
[Date "2021.04.06"]
[Round "3"]
[White "GM_Crest"]
[Black "Hikaru"]
[Result "0-1"]
[WhiteElo "2692"]
[BlackElo "3225"]
[TimeControl "180+1"]
[EndTime "10:28:54 PDT"]
[Termination "Hikaru won by resignation"]

1. d4 g6 2. c4 Bg7 3. e4 d6 4. Nc3 Nf6 5. Be2 O-O 6. g4 c5 7. g5 Nfd7 8. d5 a6 9. a4 b5 10. axb5 Nb6 11. h4 Bb7 12. h5 N8d7 13. hxg6 hxg6 14.
Qd3 axb5 15. Rxa8 Qxa8 16. Nxb5 Qa1 17. Qc2 Ra8 18. Rh3 Ra2 19. Ra3 Rxb2 20. Qxb2 Bxb2 21.
Rxa1 Bxa1 22. Nf3 Ba6 23. Bd3 Na4 24. Bf4 Ndb6 25. Nd2 Kf8 26. f3 Nb2 27. Be2 N6xc4 28.
Nxc4 Bxb5 29. Nxb2 Bxe2 30. Kxe2 Bxb2 31. Kd3 Ke8 32.
Kc4 Kd7 33. Bd2 f6 34. gxf6 exf6 35. Bf4 Be5 36. Bd2 Ke7 37. f4 Ba1 38. f5 g5 39.
Be1 Be5 40. Kd3 g4 41. Ke3 c4 42. Bf2 Kd7 43. Kd2 g3 44. Be3 c3+ 45. Kd3 g2 46.
Bg1 Ke7 47. Kc2 Kf7 48. Kd3 Kg7 49. Ke2 Kh6 50. Be3+ Kh5 51. Kf3 c2 52. Kxg2 Bb2 53. Kf3 c1=Q 54. Bxc1 Bxc1 55. e5 fxe5 56. Ke4 Kg5 0-1

[Event "*** Titled Tuesday Blitz"]
[Site "Chess.com"]
[Date "2021.04.06"]
[Round "3"]
[White "JoliyRoger"]
[Black "horripile"]
[Result "0-1"]
[WhiteElo "2400"]
[BlackElo "2593"]
[TimeControl "180+1"]
[EndTime "10:28:54 PDT"]
[Termination "horripile won on time"]

1. d4 Nf6 2. c4 e6 3. Nf3 Bb4+ 4. Bd2 a5 5. Nc3 d6 6. g3 Nbd7 7. Bg2 e5 8. dxe5 dxe5 9. O-O O-O 10. Qc2 c6 11. Rad1 Qc7 12. Na4 Be7 13. c5 Nd5 14. a3 Re8 15. e4 N5f6 16. h3 Bf8 17. Bg5 h6 18. Be3 Be7 19. Rd2 Bf8 20. Rfd1 Be7 21.
Kh2 Bf8 22. Nh4 g6 23. Nf3 Nh5 24. Qc3 Kh7 25. Bf1 Ng7 26. Be2 Ne6 27. h4 h5 28.
Ng5+ Nxg5 29. Bxg5 Be7 30. Nb6 Nxb6 31. cxb6 Qxb6 32.
Be3 Qc7 33. Bc4 Bf8 34. Qc2 f6 35. Qb3 Bg7 36. Rc1 a4 37. Qc2 Be6 38. Bxe6 Rxe6 39. Qc5 Re7 40. Rcd1 Rae8 41. Rd6 Rf7 42. Qc2 Qa5 43.
Bd2 Qb5 44. Bb4 b6 45. Rxc6 Bf8 46. Bxf8 Rexf8 47. Kg2 f5 48. Rd4 exd4 49. exf5 Rxf5 0-1

[Event "*** Titled Tuesday Blitz"]
[Site "Chess.com"]
[Date "2021.04.06"]
[Round "3"]
[White "ajedrez1101"]
[Black "kuba2006"]
[Result "0-1"]
[WhiteElo "2125"]
[BlackElo "2343"]
[TimeControl "180+1"]
[EndTime "10:28:55 PDT"]
[Termination "kuba2006 won by checkmate"]

1. c4 Nf6 2. Nc3 d6 3. g3 e5 4.
Bg2 Be7 5. e4 O-O 6. Nge2 Nc6 7.
O-O Nd7 8. f4 Nc5 9. d3 f5 10.
Be3 fxe4 11. dxe4 exf4 12. gxf4 Kh8 13. Nd5 Bf6 14. Nxf6 Qxf6 15. Bxc5 dxc5 16. e5 Qe7 17. Ng3 Nd4 18. Qh5 Rb8 19. Be4 g6 20. Bxg6 Rg8 21.
Be4 Bg4 22. Qh6 Bf5 23. Kh1 Rxg3 24. hxg3 Bxe4+ 25. Kh2 Rg8 26. Rae1 Bc6 27. f5 Nf3+ 28.
Rxf3 Bxf3 29. f6 Qe6 30. Qh4 Bc6 31. Qf4 Rf8 32. g4 Qf7 33. g5 Qh5+ 34. Kg1 Rg8 35. f7 Rxg5+ 36. Kf2 Rg2+ 37. Ke3 Qh3+ 38. Qf3 Qxf3# 0-1

[Event "*** Titled Tuesday Blitz"]
[Site "Chess.com"]
[Date "2021.04.06"]
[Round "3"]
[White "SF-96"]
[Black "serena-maria"]
[Result "1-0"]
[WhiteElo "2575"]
[BlackElo "2383"]
[TimeControl "180+1"]
[EndTime "10:28:56 PDT"]
[Termination "SF-96 won by resignation"]

1. Nf3 Nf6 2. g3 g6 3. Bg2 Bg7 4. O-O O-O 5. d4 d5 6. c4 dxc4 7. Na3 c3 8. bxc3 c5 9. Nc4 Nd5 10. Bb2 Nb6 11. Nfe5 Nc6 12. Nxc6 bxc6 13. Na5 Qc7 14.
dxc5 Nd5 15. Nxc6 e6 16. Bxd5 exd5 17. Nd4 Bh3 18. Re1 Qxc5 19. Qd2 Rab8 20. a4 Rfc8 21. Rec1 h5 22. Ba3 Qa5 23. Bb4 Qd8 24. Rab1 h4 25. Qf4 hxg3 26. hxg3 a5 27. Bxa5 Qe8 28. Rxb8 Rxb8 29.
Bb4 Be5 30. Qe3 Bd7 31. a5 f6 32. Nf3 Qe6 33. Rd1 Bc6 34. Nd4 Qh3 35. Nxc6 Re8 36. Nxe5 Rxe5 37. Qf3 Rh5 38. Qg2 Qg4 39. Rxd5 Qxe2 40. Rxh5 Qd1+ 41. Qf1 Qxh5 42. a6 f5 43. a7 f4 44. a8=Q+ Kg7 45. Qb7+ 1-0

[Event "*** Titled Tuesday Blitz"]
[Site "Chess.com"]
[Date "2021.04.06"]
[Round "3"]
[White "visa"]
[Black "aljado"]
[Result "1-0"]
[WhiteElo "2334"]
[BlackElo "2106"]
[TimeControl "180+1"]
[EndTime "10:28:56 PDT"]
[Termination "visa won on time"]

1. e4 c5 2. a3 e6 3. b4 cxb4 4. axb4 d5 5. exd5 exd5 6. Bb5+ Bd7 7. Qe2+ Qe7 8. Nc3 Nf6 9. Rb1 Qxe2+ 10. Ngxe2 Nc6 11.
O-O Bd6 12. Bxc6 bxc6 13. b5 c5 14. b6 axb6 15. Rxb6 Be7 16. Nf4 Bd8 17. Re1+ Kf8 18. Ncxd5 Nxd5 19. Nxd5 Bxb6 20. Nxb6 Ra7 21. Ba3 Be6 22.
Bxc5+ Kg8 23. d4 Rc7 24. Bd6 Rc6 25. Bc5 h6 26. Ra1 Kh7 27. Ra5 Rb8 28. Rb5 Bd5 29. f3 Bc4 30. Rb4 Be6 31. Kf2 Rd8 32. Ke3 Bd5 33.
c4 Re6+ 34. Kf4 Bb7 35. d5 Rf6+ 36. Ke5 Re8+ 37. Kd4 Rf4+ 38. Kd3 Bc8 39. d6 Bf5+ 40. Kd2 Rxc4 41. Rxc4 1-0

[Event "*** Titled Tuesday Blitz"]
[Site "Chess.com"]
[Date "2021.04.06"]
[Round "3"]
[White "1977Ivan"]
[Black "Willhaven3"]
[Result "1-0"]
[WhiteElo "2751"]
[BlackElo "2519"]
[TimeControl "180+1"]
[EndTime "10:28:57 PDT"]
[Termination "1977Ivan won by resignation"]

1. c4 Nf6 2. Nc3 e6 3. Nf3 d5 4. e3 a6 5. b3 dxc4 6. bxc4 c5 7. Bb2 Be7 8. g4 Nc6 9. g5 Nd7 10. h4 b6 11. Ne4 Rg8 12. a3 Bb7 13. Qc2 Qc7 14.
O-O-O O-O-O 15. Be2 Kb8 16. Rhg1 Ka7 17. h5 Na5 18.
Kb1 Rc8 19. g6 hxg6 20. hxg6 f6 21. Rh1 Rh8 22. Bc3 Nc6 23. Rh7 Rhg8 24. Ng3 Nf8 25. Rhh1 Rd8 26. Nh5 Nb8 27. Nf4 Bc6 28. Ka1 Qb7 29.
Rh3 Be4 30. d3 Bxg6 31. Nxg6 Nxg6 32. Rg1 Nf8 33. Nd2 Nfd7 34. Rhg3 g5 35. Ne4 Rgf8 36.
f4 gxf4 37. Rg7 Qc7 38. Rxe7 fxe3 39. Rgg7 Nc6 40. Rxe6 Rfe8 41. Rxe8 Rxe8 42. Nxf6 Re7 43. Nd5 Rxg7 44. Nxc7 Rg1+ 45. Ka2 Nde5 46. Bxe5 Nxe5 47. Qc3 Nc6 48. Qf6 Kb7 49. Bf3 1-0

[Event "*** Titled Tuesday Blitz"]
[Site "Chess.com"]
[Date "2021.04.06"]
[Round "3"]
[White "pastouche06"]
[Black "thechesscorner64"]
[Result "1-0"]
[WhiteElo "2607"]
[BlackElo "2417"]
[TimeControl "180+1"]
[EndTime "10:28:57 PDT"]
[Termination "pastouche06 won by resignation"]

1. d4 Nf6 2. c4 e6 3. Nc3 Bb4 4. e3 b6 5. Ne2 Ba6 6. Ng3 O-O 7. Bd3 d5 8. cxd5 Bxd3 9. Qxd3 exd5 10. O-O c5 11. a3 c4 12. Qc2 Bxc3 13. bxc3 Re8 14. f3 Nc6 15. Kh1 Na5 16. e4 Nb3 17. Rb1 Nxc1 18.
Rbxc1 b5 19. e5 Nd7 20. f4 a5 21. f5 b4 22. axb4 axb4 23. cxb4 Qb6 24. Qf2 Ra3 25. Nh5 Qh6 26. Nf4 Nb6 27. e6 fxe6 28. Nxe6 Qf6 29. Qf4 Nc8 30. Rce1 Ne7 31. Ng5 Raa8 32.
Re6 Qf8 33. f6 gxf6 34. Rxf6 Qg7 35. Ne6 Ng6 36. Nxg7 Nxf4 37. Nxe8 Rxe8 38. R6xf4 c3 39. Rc1 c2 40. Rf2 1-0

[Event "*** Titled Tuesday Blitz"]
[Site "Chess.com"]
[Date "2021.04.06"]
[Round "3"]
[White "Oglob71"]
[Black "Vesper2018"]
[Result "1-0"]
[WhiteElo "2389"]
[BlackElo "2548"]
[TimeControl "180+1"]
[EndTime "10:28:57 PDT"]
[Termination "Oglob71 won on time"]

1. d4 Nf6 2. Nf3 g6 3. c4 Bg7 4. Nc3 O-O 5. Bg5 d6 6. e3 Nbd7 7. h3 b6 8. Qc2 Bb7 9. Be2 h6 10.
Bh4 e5 11. O-O e4 12. Nd2 g5 13. Bg3 Re8 14. b4 Nf8 15. Nb3 Ng6 16. c5 a6 17.
Rac1 Re7 18. a4 Bc8 19. Rfd1 h5 20. cxd6 cxd6 21. d5 h4 22. Bh2 g4 23. hxg4 Nxg4 24. Nd4 Bxd4 25. Rxd4 Nxh2 26. Kxh2 f5 27. Nd1 Ne5 28.
f4 exf3 29. Bxf3 Rg7 30. Qf2 Rg3 31. Rf4 Qg5 32. Rc7 Bd7 33. Be2 Re8 34. Rxd7 Nxd7 35. Rxf5 Qg7 36. Bf1 Ne5 37. Qf4 Rg4 38. Qf2 Rg6 39.
Kh1 h3 40. gxh3 Rg3 41. Bg2 Nd3 42. Qf1 Qg6 43. Rf3 Rxf3 44. Qxf3 Rf8 45. Qe2 Ne5 46. Kh2 Qg5 47. Nf2 Qh4 48. Ne4 Rf7 49. Nxd6 Rg7 50. Ne4 Ng4+ 51. Kg1 Ne5 52. Nd2 1-0

[Event "*** Titled Tuesday Blitz"]
[Site "Chess.com"]
[Date "2021.04.06"]
[Round "3"]
[White "Byniolus"]
[Black "SirStrateg"]
[Result "1-0"]
[WhiteElo "2896"]
[BlackElo "2636"]
[TimeControl "180+1"]
[EndTime "10:28:58 PDT"]
[Termination "Byniolus won by resignation"]

1. d4 Nf6 2. Nf3 e6 3. Bf4 Nc6 4. e3 h6 5. h3 d6 6. Be2 g5 7. Bh2 Bg7 8. c4 Ne4 9. Nbd2 Nxd2 10. Qxd2 f5 11. O-O-O Qf6 12. Kb1 Bd7 13. Ne1 O-O-O 14.
f4 gxf4 15. Bxf4 e5 16. d5 exf4 17. dxc6 Bxc6 18. exf4 Be4+ 19. Bd3 d5 20. c5 Rhe8 21. Qc2 c6 22. Nf3 Bxf3 23. Bxf5+ Kb8 24. gxf3 Rf8 25. Rhg1 Bh8 26. Bg4 Qxf4 27. Rd3 Rde8 28. Rb3 Re3 29. a3 Bd4 30. Rc1 Rfe8 31. Rxe3 Rxe3 32.
Qa4 Re2 33. Rc2 Re1+ 34. Ka2 Ra1+ 35. Kb3 Qe3+ 36. Rc3 Bxc3 37. bxc3 Qxc5 38. Qf4+ Ka8 39. Qf7 Rxa3+ 40. Kc2 Qxc3+ 41. Kd1 Qe3 42. Qf8+ 1-0

[Event "*** Titled Tuesday Blitz"]
[Site "Chess.com"]
[Date "2021.04.06"]
[Round "3"]
[White "Arseniy_Nesterov"]
[Black "SaqoChess_Twitch"]
[Result "1-0"]
[WhiteElo "2770"]
[BlackElo "2462"]
[TimeControl "180+1"]
[EndTime "10:28:58 PDT"]
[Termination "Arseniy_Nesterov won by resignation"]

1. d4 d5 2. c4 c5 3. cxd5 cxd4 4. Nf3 Qxd5 5. Nc3 Qa5 6. Nxd4 e5 7. Nb3 Qc7 8. e4 Bb4 9. Bd2 Nf6 10. Nb5 Qe7 11.
Nc7+ Qxc7 12. Bxb4 Nc6 13. Bd6 Qb6 14. Bc5 Qc7 15.
Bd3 Na5 16. Rc1 Nxb3 17. axb3 Qa5+ 18. b4 Qd8 19. b5 Qa5+ 20. Qd2 Qxd2+ 21. Kxd2 b6 22. Bd6 Bb7 23. f3 Rc8 24. Rxc8+ Bxc8 25. Rc1 Kd7 26. Bxe5 Ne8 27. Ke3 f6 28. Bg3 h5 29.
Ra1 h4 30. Rxa7+ Kd8 31. Bf2 g5 32. Ke2 Nd6 33. Bxb6+ Ke8 34. Bc5 Nb7 35. Bd4 Ke7 36. Bc4 Rd8 37. Bd5 Rd7 38. Ke3 Nd6 39. b6 Bb7 40.
Bc5 Bc8 41. b7 Bxb7 42. Rxb7 Rxb7 43. Bxb7 Ke6 44. Bxd6 Kxd6 45. Kd4 f5 46. exf5 Kc7 47. f6 Kd6 48. h3 1-0

[Event "*** Titled Tuesday Blitz"]
[Site "Chess.com"]
[Date "2021.04.06"]
[Round "3"]
[White "english_player_89"]
[Black "ellennilssen"]
[Result "1-0"]
[WhiteElo "2474"]
[BlackElo "2243"]
[TimeControl "180+1"]
[EndTime "10:28:58 PDT"]
[Termination "english_player_89 won on time"]

1. e4 e6 2. d4 d5 3. exd5 exd5 4. Nf3 Bd6 5. Bd3 Ne7 6. O-O Nbc6 7. c3 Bg4 8. Nbd2 Qd7 9. b4 O-O 10. a4 a6 11. h3 Bf5 12. Qc2 Bxd3 13. Qxd3 Rfe8 14.
Re1 Qf5 15. Qxf5 Nxf5 16. Rxe8+ Rxe8 17. b5 Na5 18. Kf1 f6 19. Rb1 axb5 20. Rxb5 b6 21. Rxd5 Ne7 22. Rb5 Ra8 23. c4 Nac6 24. c5 bxc5 25.
dxc5 Bf4 26. g3 Bh6 27. Bb2 Rxa4 28. Rb7 Ra2 29. Bc3 Rc2 30. Ne4 f5 31. Ne1 Rc1 32. Bb2 Rb1 33. Nc3 Rxb2 34. Rxb2 Nd4 35. Nb5 Ne6 36.
Re2 Kf7 37. Nd3 Nd5 38. Ne5+ Kf6 39. c6 Bc1 40. Nd7+ Kf7 41. Re1 Bd2 42. Rd1 Be3 43.
Rxd5 1-0

[Event "*** Titled Tuesday Blitz"]
[Site "Chess.com"]
[Date "2021.04.06"]
[Round "3"]
[White "mr_gustavo"]
[Black "Cryptochess"]
[Result "1-0"]
[WhiteElo "2391"]
[BlackElo "2547"]
[TimeControl "180+1"]
[EndTime "10:28:59 PDT"]
[Termination "mr_gustavo won by resignation"]

1. e4 e5 2. Nf3 Nf6 3. Nxe5 d6 4. Nf3 Nxe4 5. d4 d5 6. Bd3 Bd6 7. O-O O-O 8. Nbd2 Re8 9. Re1 Bf5 10. Nf1 Nc6 11. c3 Qf6 12. Ne3 Ne7 13. Nxf5 Nxf5 14. Qc2 Nh4 15. Nxh4 Qxh4 16. g3 Qg4 17. Bf4 Bxf4 18.
Bxe4 dxe4 19. Rxe4 g5 20. Rae1 Rxe4 21. Qxe4 h5 22. f3 Qh3 23. gxf4 g4 24. fxg4 hxg4 25.
Qxb7 Rd8 26. Qg2 Qh4 27. Qg3 Qh5 28. Re5 f5 29. h3 Qg6 30. hxg4 Qa6 31. gxf5+ Kf8 32.
Re6 Qxa2 33. Rf6+ Ke8 34. Qe3+ Kd7 35. Qe6+ Qxe6 36. fxe6+ Ke7 37. Rg6 Rf8 38. Rg7+ Kxe6 39. Rxc7 Rxf4 40. Rxa7 Kd5 41. Rc7 Rf8 42. Rc5+ Ke4 43.
b4 Ke3 44. b5 Ke2 45. Kg2 Rg8+ 46. Kh3 Kf3 47. Kh4 Kf4 48. Kh5 Ke4 49. Kh6 Rb8 50. Kg6 Rb6+ 51. Kf7 Rh6 52. Ke7 Rh7+ 53. Kd8 Rh8+ 54. Kc7 Rh7+ 55. Kb8 Rh8+ 56. Ka7 Rh7+ 57. Ka6 Kd3 58. b6 Kc2 59. b7 Rh8 60. Ka7 1-0

[Event "*** Titled Tuesday Blitz"]
[Site "Chess.com"]
[Date "2021.04.06"]
[Round "3"]
[White "Eloist"]
[Black "YumiBear"]
[Result "0-1"]
[WhiteElo "2352"]
[BlackElo "2551"]
[TimeControl "180+1"]
[EndTime "10:28:59 PDT"]
[Termination "YumiBear won by checkmate"]

1. e4 c6 2. Nf3 d5 3. Nc3 Bg4 4. d4 Nf6 5. h3 Bxf3 6. Qxf3 dxe4 7. Qe3 e6 8. Nxe4 Nbd7 9. Bd3 Be7 10. O-O O-O 11.
Re1 Re8 12. c3 Nxe4 13. Bxe4 Nf6 14. Bc2 Bd6 15. Qd3 Qc7 16. Bg5 Kf8 17. Bxf6 gxf6 18. Qxh7 Ke7 19. Bb3 Kd8 20. Rad1 Qd7 21. Qg7 f5 22. a3 Kc7 23. c4 Rg8 24. Qh6 Rg6 25. Qe3 Rag8 26. c5 Rxg2+ 27. Kf1 Bh2 28. Ke2 Kc8 29.
Kd3 R2g3 30. f3 Rg2 31. Re2 Qc7 32. Rxg2 Rxg2 33. Re1 Bf4 34. Bxe6+ Kb8 35. Bxf5 Bxe3 36. Rxe3 a6 37. Re8+ Ka7 38. d5 Qf4 39. d6 Qxf5+ 40.
Kc4 Qd5+ 41. Kb4 Rxb2+ 42. Ka4 Qc4+ 43. Ka5 Rb5# 0-1

[Event "*** Titled Tuesday Blitz"]
[Site "Chess.com"]
[Date "2021.04.06"]
[Round "3"]
[White "louis198"]
[Black "gumimis"]
[Result "1-0"]
[WhiteElo "2540"]
[BlackElo "2327"]
[TimeControl "180+1"]
[EndTime "10:29:00 PDT"]
[Termination "louis198 won on time"]

1. d4 Nf6 2. c4 g6 3. Nc3 Bg7 4. e4 O-O 5. Nf3 d6 6. Be2 Nbd7 7. O-O e5 8. dxe5 Nxe5 9. Nxe5 dxe5 10. Qc2 c6 11. Be3 Qc7 12. Rfd1 Be6 13. Rd2 Rfd8 14. Rad1 Rxd2 15. Qxd2 Bf8 16. Qc1 Rd8 17. Rxd8 Qxd8 18.
Bxa7 b6 19. Qc2 Bc5 20. a3 Qd4 21. Bf1 Bxc4 22. b4 Bxf1 23. Kxf1 Qc4+ 24. Kg1 Bd4 25. a4 Bxc3 26. Bxb6 Nxe4 27. a5 Nd2 28. Qd1 Bxb4 29.
h3 Kg7 30. Qa1 Bc3 31. Qc1 Nb3 32. Qe3 f6 33. a6 Qxa6 34. Bd8 Bd4 35. Qf3 c5 36.
Qd5 Qc8 37. Be7 c4 38. Bb4 Nc1 39. Qd6 Nd3 40. Qe7+ Kg8 41. Bd2 c3 42. Bh6 1-0

[Event "*** Titled Tuesday Blitz"]
[Site "Chess.com"]
[Date "2021.04.06"]
[Round "3"]
[White "hleol"]
[Black "Snowflake"]
[Result "0-1"]
[WhiteElo "2336"]
[BlackElo "2500"]
[TimeControl "180+1"]
[EndTime "10:29:00 PDT"]
[Termination "Snowflake won by resignation"]

1. d4 Nf6 2. c4 d6 3. Nc3 Bf5 4. f3 e5 5. e4 exd4 6. Qxd4 Nc6 7. Qd2 Bd7 8. b3 g6 9. Bb2 Bg7 10. O-O-O O-O 11. g4 a6 12. h4 h5 13. gxh5 Nxh5 14.
Bh3 Kh7 15. Bxd7 Bh6 16. Qxh6+ Kxh6 17. Bxc6 bxc6 18. Nh3 Qxh4 19. Kb1 a5 20. Bc1+ Kg7 21. Nf4 Qxf4 22. Bxf4 Nxf4 23. Rh4 Ne6 24. f4 Rh8 25. Rg4 Nc5 26. Rdg1 Nd7 27. Rg5 Rh2 28. f5 Ne5 29.
fxg6 Nxg6 30. Nd1 a4 31. b4 a3 32. b5 cxb5 33. cxb5 Re8 34. Nc3 Rb2+ 35. Kc1 Rh8 36. R5g2 Rh1 37. Rxh1 Rxg2 38. Rh3 Ne5 39. Kb1 Nc4 40. Kc1 Kf6 41. Rf3+ Ke5 42. Rh3 Kd4 43. Kd1 Rd2+ 44. Kc1 Rg2 45. Kd1 Ne3+ 46. Ke1 Kxc3 47. Rxe3+ Kb2 48. e5 dxe5 49. Rxe5 Kxa2 50. Re7 Rc2 51.
Re4 Kb3 52. Re8 a2 53. Ra8 Rc1+ 54. Kd2 a1=Q 0-1

[Event "*** Titled Tuesday Blitz"]
[Site "Chess.com"]
[Date "2021.04.06"]
[Round "3"]
[White "Evgeny81"]
[Black "Alohamora11"]
[Result "1-0"]
[WhiteElo "2772"]
[BlackElo "2464"]
[TimeControl "180+1"]
[EndTime "10:29:01 PDT"]
[Termination "Evgeny81 won by resignation"]

1. e4 c5 2. Nf3 g6 3. c4 Nc6 4. d4 cxd4 5. Nxd4 Nf6 6. Nc3 d6 7. Nc2 Bg7 8. Be2 O-O 9. Be3 Nd7 10. O-O a5 11. Qd2 Nc5 12. f3 f5 13. exf5 Bxf5 14.
Nd4 Nxd4 15. Bxd4 Bxd4+ 16. Qxd4 Qb6 17. Nd5 Qd8 18. Rae1 e6 19. Nc3 Qb6 20. Nb5 Rad8 21. Kh1 e5 22. Qd2 e4 23. Nc3 Rde8 24. Nd5 e3 25. Qd4 Qd8 26. Nxe3 Qg5 27. Nd5 Ne6 28.
Qc3 Nf4 29. Nxf4 Qxf4 30. Bd3 Rxe1 31. Rxe1 Bh3 32. Bf1 Bd7 33. Qxa5 Bc6 34. Qc3 h5 35. Qe3 Qf5 36. Qe6+ Rf7 37. Qxf5 Rxf5 38. Kg1 Kf7 39. Kf2 d5 40. cxd5 Bxd5 41. a3 Kf6 42. Bd3 Re5 43.
Rxe5 Kxe5 44. Bxg6 h4 45. Ke3 Bxf3 46. gxf3 1-0

[Event "*** Titled Tuesday Blitz"]
[Site "Chess.com"]
[Date "2021.04.06"]
[Round "3"]
[White "NaciSAN"]
[Black "elextranjero00"]
[Result "0-1"]
[WhiteElo "2254"]
[BlackElo "2583"]
[TimeControl "180+1"]
[EndTime "10:29:01 PDT"]
[Termination "elextranjero00 won on time"]

1. e4 e5 2. Nf3 Nc6 3. Bb5 a6 4. Bxc6 dxc6 5. d4 exd4 6. Qxd4 Qxd4 7. Nxd4 Bd7 8. Be3 O-O-O 9. Nc3 Ne7 10. O-O-O Re8 11.
Rhe1 c5 12. Nde2 b6 13. Nf4 Bc6 14. Nfd5 Nxd5 15. exd5 Bd7 16. Bf4 Bd6 17. Bxd6 cxd6 18.
Kd2 Kc7 19. f4 Bf5 20. a4 h5 21. Na2 h4 22. c4 Kd7 23. Nc3 a5 24. b3 Rxe1 25.
Rxe1 Rh6 26. Re2 Rh8 27. Ne4 Re8 28. Ng5 Rxe2+ 29. Kxe2 Bc2 30. Nxf7 Bxb3 31. Nh8 Bxc4+ 32. Ke3 Bxd5 33. Ng6 Bxg2 34. Nxh4 Bc6 35. Nf5 Bxa4 36.
Nxg7 Bc2 37. f5 Ke7 38. Kf4 a4 39. Ne6 a3 40. Nc7 a2 41. Nd5+ Kf7 0-1

[Event "*** Titled Tuesday Blitz"]
[Site "Chess.com"]
[Date "2021.04.06"]
[Round "3"]
[White "GoltsevDmitry2000"]
[Black "Caterpiller35"]
[Result "1-0"]
[WhiteElo "2734"]
[BlackElo "2447"]
[TimeControl "180+1"]
[EndTime "10:29:02 PDT"]
[Termination "GoltsevDmitry2000 won on time"]

1. e4 c5 2. Nf3 Nc6 3. d4 cxd4 4. Nxd4 e5 5. Nb5 d6 6. N1c3 a6 7. Na3 b5 8. Nd5 Nge7 9. c4 Nd4 10. cxb5 Nxd5 11. exd5 Bd7 12. bxa6 Qa5+ 13. Bd2 Qxd5 14. f3 Be7 15. Bc4 Bh4+ 16. Kf1 Qc5 17. Rc1 O-O 18. Bxf7+ Rxf7 19. Rxc5 dxc5 20. Be1 Bxe1 21. Qxe1 e4 22. Qxe4 Re8 23. a7 Rxe4 24. a8=Q+ Re8 25. Qd5 Bc6 26. Qc4 Nxf3 27. gxf3 Bxf3 28. Qxf7+ Kxf7 29. Rg1 Re2 30. Rg3 Bh5 31. Rg5 Rxh2 32. Rxc5 Bg6 33. Rc7+ Kf6 34. Rb7 h5 35. Kg1 Re2 36. Nc4 h4 37. Rb3 Bf7 38. Rf3+ Ke7 39. Ne3 Rxb2 40. Nf5+ Kf6 41.
Nd6+ Ke5 42. Nxf7+ Ke4 43. Ng5+ Ke5 44. a3 g6 45. Kh1 Ra2 46. Nh3 Ke4 47. Ng1 g5 48.
Rb3 g4 49. Rb4+ Kf5 50. a4 h3 51. Rc4 Ra1 52. Kh2 Ra2+ 53. Kh1 Ra1 54. Rc3 Kf4 55. Rc4+ Kg3 56. Rc2 1-0

[Event "*** Titled Tuesday Blitz"]
[Site "Chess.com"]
[Date "2021.04.06"]
[Round "3"]
[White "Ranindu2003"]
[Black "anpospan"]
[Result "1-0"]
[WhiteElo "2593"]
[BlackElo "2401"]
[TimeControl "180+1"]
[EndTime "10:29:02 PDT"]
[Termination "Ranindu2003 won by checkmate"]

1. e4 Nc6 2. Nc3 g6 3. d4 d6 4. f4 Bg7 5. Nf3 Bg4 6. d5 Nd4 7. Be3 Bxf3 8. gxf3 c5 9. dxc6 Nxc6 10. Bb5 Qa5 11.
Qd3 Bxc3+ 12. bxc3 a6 13. Bc4 Nf6 14. O-O Qh5 15. Rab1 b5 16. Bd5 Nxd5 17. exd5 Na5 18. a4 Nc4 19. axb5 axb5 20. Rxb5 Nxe3 21. Qxe3 O-O 22.
Qxe7 Rfe8 23. Qg5 Qh3 24. Qg4 Qh6 25. Rfb1 Re2 26. Rb8+ Kg7 27. h3 Rxb8 28. Rxb8 Rxc2 29.
Rc8 Rd2 30. Rc7 Rxd5 31. c4 Rd1+ 32. Kg2 Rd2+ 33. Kg3 Rd1 34. Kf2 Rd2+ 35. Ke3 Rh2 36. Qd7 Qxh3 37. Qxf7+ Kh6 38. Qf8+ Kh5 39. Rxh7# 1-0